 Dungeon Crawl Stone Soup version 0.23.0 (webtiles) character file.

Game seed: 7209639919512533428

401 Gorice the Covered (level 6, -4/57 HPs)
             Began as a Hill Orc Wanderer on Feb 9, 2019.
             Slain by an ogre
             ... wielding a +0 giant club
              (23 damage)
             ... on level 4 of the Dungeon.
             The game lasted 00:13:45 (4091 turns).

Gorice the Covered (Hill Orc Wanderer)              Turns: 4091, Time: 00:13:45

Health: -4/57      AC: 12    Str: 15    XL:     6   Next: 85%
Magic:  0/6        EV:  2    Int: 14    God:
Gold:   138        SH:  8    Dex: 10    Spells: 5/5 levels left

rFire    . . .     SeeInvis .   a - +2 mace
rCold    . . .     Gourm    .   i - +0 shield
rNeg     . . .     Faith    .   h - +0 plate armour
rPois    .         Spirit   +   (no helmet)
rElec    .         Reflect  .   (no cloak)
rCorr    .         Harm     .   (no gloves)
MR       .....                  (no boots)
Stlth    ..........             q - amulet of guardian spirit
HPRegen  0.19/turn              (no ring)
MPRegen  0.10/turn              (no ring)

@: no status effects
A: no striking features
a: no special abilities


You were on level 4 of the Dungeon.
You were not hungry.

You visited 1 branch of the dungeon, and saw 4 of its levels.
You also visited: Sewer.

You collected 138 gold pieces.

Inventory:

Hand Weapons
 a - a +2 mace (weapon)
Missiles
 Y - 60 stones (quivered)
Armour
 d - a +0 robe
 h - a +0 plate armour (worn)
 i - a +0 shield (worn)
Jewellery
 q - an amulet of guardian spirit (around neck)
Scrolls
 g - 4 scrolls of teleportation {!r}
 l - 2 scrolls of remove curse
 m - a scroll of immolation {unknown}
Potions
 b - a potion of curing
 c - a potion of heal wounds {!q}
 j - a potion of berserk rage {unknown}
 k - 4 potions of flight
 n - a potion of brilliance {unknown}
 p - a potion of lignification {unknown}
Comestibles
 f - 6 rations
 o - 4 chunks of flesh


   Skills:
 + Level 5.9 Fighting
 - Level 2.1 Maces & Flails
 + Level 5.9 Armour
 - Level 2.1 Shields
   Level 2.4 Air Magic


You had 5 spell levels left.
You didn't know any spells.
Your spell library contained the following spells:

 Spells                   Type           Power        Failure   Level  Hunger
 Poisonous Vapours        Pois/Air       #.....       100%        2    ###....
 Swiftness                Chrm/Air       #.......     100%        2    ###....


Dungeon Overview and Level Annotations

Branches:
Dungeon (4/15)
 Temple: D:4-7

Altars:
Ashenzari
Dithmenos
Elyvilon
Gozag
Hepliaklqana
Makhleb
Ru
Trog


Message History

Press: ? - help, Shift-Dir - straight line, f/p - ogre
Aim: an ogre, wielding a +0 giant club You throw a tomahawk.
The orc shouts!
The tomahawk hits the ogre.
The ogre is lightly wounded.
An orc comes into view. It is wielding a +0 mace.
Throwing (i - inventory. (/) - cycle)
e - a tomahawk (quivered)
Press: ? - help, Shift-Dir - straight line, f/p - ogre
Aim: an ogre, wielding a +0 giant club (lightly wounded)
You throw a tomahawk. The tomahawk hits the ogre.
The ogre is lightly wounded.
An orc wizard comes into view. It is wielding a +0 dagger.
Throwing (i - inventory)
Y - 62 stones (quivered)
Press: ? - help, Shift-Dir - straight line, f/p - ogre
Aim: an ogre, wielding a +0 giant club (lightly wounded)
You throw a stone.
The stone hits the ogre but does no damage.
The ogre is lightly wounded.
The ogre hits you but does no damage.
Okay, then.
The ogre hits you but does no damage.
Throwing (i - inventory)
Y - 61 stones (quivered)
Press: ? - help, Shift-Dir - straight line, f/p - ogre
Aim: an ogre, wielding a +0 giant club (lightly wounded)
You throw a stone. The stone hits the ogre.
The ogre is lightly wounded.
The orc wizard casts a spell.
The orc wizard flickers and vanishes!
Deactivating autopickup; reactivate with Ctrl-A.
The ogre barely misses you.
You hit the ogre.
The ogre is lightly wounded.
You block the ogre's attack.
You hit the ogre.
The ogre is moderately wounded.
The ogre hits you with a +0 giant club!!
Damage: 16 (max 16)
You hit the ogre.
The ogre is heavily wounded.
The ogre hits you with a +0 giant club!
Damage: 14 (max 16)
You hit the ogre.
The ogre is severely wounded.
The ogre hits you with a +0 giant club!
Damage: 8 (max 16)
You hit the ogre.
The ogre is severely wounded.
The ogre hits you with a +0 giant club!!
You die...

##..##.#.##.##.#.##.#.##..#
##..##.#.###.#.##.#.##..#
##..##.#.#.#.##.#.##..#
##.o##.#.#.##.#.##..#
##..##.#.##.#.##..# ##o.##
##.#.##..##
##..###.#.##..##
##..#..o##..## ##....(O@.##
##########


You could see an ogre and an orc.

Vanquished Creatures
  A big kobold (Sewer)
  2 orc wizards (D:4)
  An iguana (D:4)
  2 worker ants (D:4)
  3 gnolls
  2 river rats (Sewer)
  7 adders
  A howler monkey skeleton (D:4)
  2 oozes
  An adder skeleton (D:4)
  A leopard gecko (D:2)
  6 orcs (D:3)
  3 giant cockroaches
  6 goblins
  6 hobgoblins
  8 jackals
  9 kobolds
  A quokka (D:2)
  A ball python (D:2)
  9 bats
  A frilled lizard (D:2)
  4 rats
77 creatures vanquished.

Notes
Turn   | Place    | Note
-------+----------+-------------------------------------------
     0 | D:1      | Gorice the Hill Orc Wanderer began the quest for the Orb.
     0 | D:1      | Gorice set off with the following items: a +2 mace, a
                  | potion of curing, a +0 robe, a ration; and the following
                  | spells available to memorise: Poisonous Vapours, Swiftness
     0 | D:1      | Reached XP level 1. HP: 14/14 MP: 1/1
    61 | D:1      | Reached skill level 1 in Fighting
   227 | D:1      | Reached skill level 2 in Fighting
   227 | D:1      | Reached XP level 2. HP: 22/24 MP: 2/2
   716 | D:2      | Reached XP level 3. HP: 29/30 MP: 3/3
   975 | D:2      | HP: 9/30 [poisoned by an adder]
   976 | D:2      | Reached skill level 3 in Fighting
  1588 | D:3      | HP: 9/31 [adder (3)]
  1593 | D:3      | HP: 9/31 [adder (3)]
  1598 | D:3      | HP: 7/31 [poisoned by an adder]
  1608 | D:3      | HP: 6/31 [poisoned by an adder]
  1883 | D:3      | Reached skill level 4 in Armour
  1883 | D:3      | Reached XP level 4. HP: 28/38 MP: 2/4
  1908 | D:3      | Found a glowing drain.
  2024 | Sewer    | Entered a sewer
  2037 | Sewer    | HP: 11/40 [river rat (2)]
  2041 | Sewer    | Reached skill level 4 in Fighting
  2048 | Sewer    | HP: 5/40 [river rat (4)]
  2049 | Sewer    | Reached XP level 5. HP: 5/46 MP: 1/5
  2373 | Sewer    | Noticed a big kobold
  2431 | Sewer    | Killed a big kobold
  2431 | Sewer    | Reached skill level 5 in Armour
  2496 | Sewer    | Found a white marble altar of Elyvilon.
  2716 | D:3      | Reached skill level 5 in Fighting
  2716 | D:3      | Reached XP level 6. HP: 51/56 MP: 4/6
  3146 | D:3      | Found a shadowy altar of Dithmenos.
  3227 | D:3      | Found a shattered altar of Ashenzari.
  3236 | D:3      | Found a hazy altar of Hepliaklqana.
  3241 | D:3      | Found a white marble altar of Elyvilon.
  3251 | D:3      | Found a burning altar of Makhleb.
  3260 | D:3      | Found a bloodstained altar of Trog.
  3269 | D:3      | Found an opulent altar of Gozag.
  3278 | D:3      | Found a sacrificial altar of Ru.
  4091 | D:4      | Slain by an ogre

Skill      XL: |  1  2  3  4  5 |
---------------+----------------+-----
Fighting       | 2 3 4 5 |  5.9
Armour         | 4 5 |  5.9
Maces & Flails | |  2.1
Shields        | |  2.1
Air Magic      | |  2.4

Action                   |  1- 3 |  4- 6 || total
-------------------------+-------+-------++-------
Melee: Mace              |   145 |   226 ||   371
Throw: Tomahawk          |       |     9 ||     9
       Stone             |       |     2 ||     2
  Use: Scroll            |     7 |     2 ||     9
       Potion            |     2 |     1 ||     3
 Stab: Invisible         |       |     2 ||     2
  Eat: Chunk             |     3 |     5 ||     8
       Ration            |       |     1 ||     1
Armor: Robe              |     3 |       ||     3
       Plate armour      |   150 |   184 ||   334
Dodge: Dodged            |    31 |    20 ||    51
Block: Shield            |    85 |    98 ||   183

Table legend:
 A = Turns spent in this place as a percentage of turns spent in the entire game.
 B = Non-inter-level travel turns spent in this place as a percentage of non-inter-level travel turns spent in the entire game.
 C = Inter-level travel turns spent in this place as a percentage of turns spent in this place.
 D = Turns resting spent in this place as a percentage of non-inter-level travel turns spent in this place.
 E = Turns spent auto-exploring this place as a percentage of non-inter-level travel turns spent in this place.
 F = Non-inter-level travel turns spent in this place divided by the number of levels of this place that you've seen.
                   A       B       C       D       E      F
               +-------+-------+-------+-------+-------+----------------------
         Total | 100.0 | 100.0 |   4.1 |  28.5 |  40.3 | 784.8
       Dungeon |  87.4 |  86.8 |   4.7 |  25.2 |  45.2 | 851.8
         Sewer |  12.6 |  13.2 |   0.0 |  50.1 |   7.7 | 517.0
               +-------+-------+-------+-------+-------+----------------------

Levels and vault maps discovered:
D:1:      lemuel_arrival_lava_pool, layout_basic, serial_forest,
          infiniplex_forest_clump_C, infiniplex_forest_straight_2,
          infiniplex_forest_clump_cross, infiniplex_forest_fountain,
          infiniplex_forest_split, infiniplex_forest_lined_corner,
          minmay_split_cup_large
D:2:      layout_loops_cross, minmay_distorted
D:3:      layout_basic, grunt_temple_overflow_octagram, gup_sewer_entry_glass,
          nicolae_dithmenos_shadow_blocks
D:4:      minmay_inner_zag, layout_basic, serial_corexii_hall,
          corexii_hall_statues_i, corexii_hall_statues_deadend,
          corexii_hall_statues_i, chequers_hall_statues_wall_a,
          corexii_hall_statues_x, corexii_hall_statues_deadend, uniq_duvessa
Sewer:    sewer_kobolds
